 Dungeon Crawl Stone Soup version 0.30-a0-930-gb9d0489357 (webtiles) character file.

Game seed: 17073845074435601110

54753 dolemite99 the Impaler (level 14, -3/114 HPs)
             Began as a Merfolk Fighter on Mar 24, 2023.
             Was a Priest of the Shining One.
             Slain by a wolf spider (8 damage)
             ... on level 4 of the Lair of Beasts.
             The game lasted 00:35:44 (37614 turns).

dolemite99 the Impaler (Merfolk Fighter)           Turns: 37614, Time: 00:35:45

Health: -3/114     AC: 20    Str: 28    XL:     14   Next: 74%
Magic:  22/22      EV: 10    Int:  7    God:    the Shining One [***...]
Gold:   352        SH:  6    Dex: 13    Spells: 13/13 levels left

rFire   . . .      SeeInvis .    a - +7 trident (heavy)
rCold   . . .      Faith    .    c - +0 buckler
rNeg    + + .      Spirit   .    d - +0 plate armour
rPois   .          Reflect  .    (no helmet)
rElec   .          Rampage  .    R - +2 cloak
rCorr   .                        Q - +2 pair of gloves
Will    +....                    (no boots) Stlth
                                 (no amulet)
HPRegen 0.39/turn                N - ring of positive energy
MPRegen 0.18/turn                v - +6 ring of strength

@: lethally poisoned (-3 -> -23), slowed, glowing, very slow
A: (nimble swimmer 2), mertail
a: Renounce Religion, Divine Shield, Cleansing Flame


You were on level 4 of the Lair of Beasts.
You worshipped the Shining One.
The Shining One was most pleased with you.
You visited 3 branches of the dungeon, and saw 17 of its levels.

You collected 1080 gold pieces.
You spent 728 gold pieces at shops.

Inventory:

Hand Weapons
 a - a +7 heavy trident (weapon)
 b - a +1 spear of venom
 e - a +0 hand axe of distortion
 i - the +9 trident of Autumn {drain, MP+9}
   (You took it off an orc priest on level 8 of the Dungeon)

   MP:        It affects your magic capacity (+9).
   The Shining One disapproves of the use of such an item.
 o - a +0 sling
 G - a +0 broad axe
Missiles
 n - a throwing net (quivered)
 p - a poisoned dart
 J - 2 boomerangs
 L - 6 curare-tipped darts
Armour
 c - a +0 buckler (worn)
 d - a +0 plate armour (worn)
 O - +0 acid dragon scales
 Q - a +2 pair of gloves (worn)
 R - a +2 cloak (worn)
Magical Staves
 D - a staff of fire
Jewellery
 v - a +6 ring of strength (right hand)
 E - the amulet of the Air {Inacc Air Fly rElec RMsl}
   (You took it off a death knight on level 8 of the Dungeon)

   [amulet of nothing]

   Inacc:     It reduces the accuracy of your attacks and spells.
   Air:       It enhances your air magic.
   rElec:     It insulates you from electricity.
   Fly:       It grants you flight.
   RMsl:      It protects you from missiles.
 N - a ring of positive energy (left hand)
Wands
 k - a wand of digging (8)
 u - a wand of flame (67)
 K - a wand of paralysis (1)
 M - a wand of polymorph (5)
Scrolls
 h - 4 scrolls of fog
 j - 4 scrolls of poison
 s - a scroll of teleportation
 t - a scroll of identify {@r1}
 w - 2 scrolls of immolation
 z - 2 scrolls of vulnerability
 P - 5 scrolls of enchant armour
Potions
 f - 4 potions of flight
 g - 6 potions of brilliance
 l - 3 potions of magic
 m - a potion of berserk rage
 q - a potion of resistance {unknown}
 r - 2 potions of haste {unknown}
 x - a potion of attraction
 A - a potion of might
 C - 6 potions of degeneration
 F - 5 potions of curing
 T - a potion of mutation
 U - a potion of cancellation
Miscellaneous
 H - a tin of tremorstones (1/2)
 I - a phial of floods (inert)


   Skills:
 - Level 11.9 Fighting
 - Level 16.0 Polearms
 - Level 7.6 Throwing
 - Level 7.7 Armour
 - Level 9.0 Dodging
 + Level 7.2 Shields
 - Level 11.3 Invocations
 - Level 7.7 Evocations


You had 13 spell levels left.
You didn't know any spells.
Your spell library contained the following spells:

 Spells                   Type           Power      Damage    Failure   Level
 Foxfire                  Conj/Fire      0%         2x1d4     99%         1
 Necrotise                Necr           0%         1d4       99%         1
 Summon Small Mammal      Summ           0%         N/A       99%         1
 Call Canine Familiar     Summ           0%         N/A       100%        3
 Portal Projectile        Hex/Tloc       0%         N/A       100%        3
 Summon Guardian Golem    Hex/Summ       0%         N/A       100%        3
 Tukima's Dance           Hex            0%         N/A       100%        3
 Vampiric Draining        Necr           0%         2d6       100%        3
 Summon Ice Beast         Ice/Summ       0%         N/A       100%        4
 Agony                    Necr           0%         N/A       100%        5
 Blade Hands              Tmut           0%         N/A       100%        5
 Fireball                 Conj/Fire      0%         3d3       100%        5
 Summon Forest            Summ/Tloc      0%         N/A       100%        5
 Starburst                Conj/Fire      0%         6d3       100%        6


Dungeon Overview and Level Annotations

Branches:
Dungeon (11/15)            Temple (1/1) D:4            Lair (5/5) D:10
 Shoals (0/4) Lair:3       Spider (0/4) Lair:3        Slime (0/5) Lair:5
    Orc: D:9-12

Altars:
Ashenzari
Cheibriados
Dithmenos
Elyvilon
Fedhas
Gozag
Hepliaklqana
Kikubaaqudgha
Makhleb
Nemelex Xobeh
Okawaru
Qazlal
Ru
Sif Muna
Trog
Uskayaw
Vehumet
Wu Jian
Xom
Yredelemnul
Zin
The Shining One

Shops:
D:1 ***:

Portals:
Abyss: D:4

Annotations:
D:4 2 transporters, avis's ghost, amateur DgTm
Lair:1 exclusion: downstairs


Innate Abilities, Weirdness & Mutations

((You are very nimble when in or above water. (Stealth+, EV+, Speed+++)))
Your lower body shifts to a powerful aquatic tail in water.


Message History

You feel as though you will be slow longer.
The wolf spider barely misses you. The wolf spider bites you!
You closely miss the guardian serpent.
The guardian serpent is severely wounded.
The guardian serpent casts a spell at you.
You feel as though you will be slow longer.
The wolf spider hits you but does no damage.
You block the wolf spider's attack. The guardian serpent barely misses you.
The wolf spider closely misses you.
The wolf spider bites you but does no damage.
The guardian serpent closely misses you.
You stick the guardian serpent like a pincushion!!!
You kill the guardian serpent!
The wolf spider hits you! The wolf spider bites you!
You block the wolf spider's attack. The wolf spider bites you!
The wolf spider barely misses you.
The wolf spider bites you but does no damage.
You barely miss the wolf spider. The wolf spider hits you!
The wolf spider closely misses you. You block the wolf spider's attack.
The wolf spider bites you but does no damage.
You puncture the wolf spider!
The wolf spider is moderately wounded.
The wolf spider completely misses you. The wolf spider bites you!
The wolf spider barely misses you. The wolf spider bites you.
You are poisoned.
The wolf spider poisons you!
You barely miss the wolf spider.
The wolf spider is lightly wounded.
You feel extremely sick. The wolf spider hits you!
* * * LOW HITPOINT WARNING * * *
You block the wolf spider's attack. The wolf spider hits you!
* * * LOW HITPOINT WARNING * * *
You block the wolf spider's attack.
You impale the wolf spider!!
The wolf spider is heavily wounded.
* * * LOW HITPOINT WARNING * * *
You feel extremely sick. The wolf spider hits you!
You die...

#~♣♣♣ ♣..P..#.#.....♣#.....#....
#♣~P♣♣#♣P~...###...~.♣#.....#....
♣P~≈≈#♣.PP...♣......♣#♣...♣#....
♣♣.♣♣#♣♣♣♣♣♣♣.♣♣♣♣♣♣♣ ♣♣.♣♣#....
##♣.♣###################♣.♣######
.......♣...##.>.##.............♣♣
.♣.♣.♣.♣.♣.#.....#♣..♣♣♣♣.♣..♣♣.♣
.♣.♣.♣†♣.♣.∩.....∩.♣..♣♣♣.♣♣..♣♣.
.♣.♣.♣.♣.♣♣#†..s@#♣♣♣..♣♣.♣♣♣..♣♣
.♣...♣...♣ ##>.>## ♣♣..♣.♣ ♣♣..♣
########## #####################
#....#.## #....## ##..# #.....#.#
#.....# #...### .......##
##....## ##..##. ..###.###
#.....# ###..... ...###..#
##....###....... .#.# ##.####
#.....#.....###


You could see a wolf spider.

Vanquished Creatures
  6 hydras
  Erolcha (D:9)
  2 centaur warriors (D:8)
  A death knight (D:8)
  A two-headed ogre (D:11)
  A boulder beetle (Lair:4)
  The ghost of Ghostmaker01 the Prestidigitator, a novice GnWn of Ru (D:9)
  A death yak (Lair:4)
  The ghost of 123deadman the Cruncher, a novice HuFi of Hepliaklqana (D:8)
  Amaemon (D:9)
  A skyshark (Lair:2)
  Pikel (D:7)
  An ugly thing (D:8)
  A cyclops (D:8)
  A manticore (D:11)
  12 black mambas
  12 elephants
  A guardian serpent (Lair:4)
  An orange demon (D:9)
  23 cane toads
  A torpor snail (Lair:4)
  Maggie (D:7)
  An unseen horror (D:8)
  10 komodo dragons
  A rime drake (Lair:3)
  A troll (D:11)
  2 polar bears
  4 hornets
  14 blink frogs
  A snapping turtle (Lair:3)
  2 slime creatures (D:7)
  2 shadows (D:11)
  18 wyverns
  42 yaks
  A wraith (D:11)
  A steam dragon (D:8)
  6 basilisks
  3 redbacks (Lair:3)
  24 water moccasins
  An acid dragon (D:10)
  5 orc warriors
  An ice beast (D:8)
  19 wolves
  5 centaurs
  2 lemures (D:7)
  A phantom (D:5)
  19 bullfrogs
  4 scorpions
  10 wights
  12 killer bees
  8 howler monkeys
  2 electric eels (Lair:3)
  5 hounds
  3 jellies
  2 gnoll boudas
  9 orc priests
  2 iguanas (D:5)
  3 sleepcaps
  10 orc wizards
  2 scorpion zombies (D:3)
  A hell rat (Lair:4)
  A hound zombie (D:3)
  4 hound skeletons (D:3)
  13 gnolls
  14 adders
  3 shadow imps
  A white imp (D:6)
  An ufetubus (D:4)
  An adder zombie (D:3)
  4 adder skeletons (D:3)
  4 dart slugs
  42 orcs
  2 bats (D:2)
  5 endoplasms
  3 giant cockroaches
  8 goblins
  5 hobgoblins
  4 jackals (D:1)
  4 quokkas
  8 ball pythons
  A ball python zombie (D:3)
  3 frilled lizards
  4 kobolds
  A quokka zombie (D:3)
  5 rats
472 creatures vanquished.

Vanquished Creatures (others)
  A centaur (D:8)
  76 fungi
  154 plants
231 creatures vanquished.

Grand Total: 703 creatures vanquished

Notes
Turn   | Place    | Note
-------+----------+-------------------------------------------
     0 | D:1      | dolemite99 the Merfolk Fighter began the quest for the Orb.
     0 | D:1      | Reached XP level 1. HP: 18/18 MP: 1/1
    37 | D:1      | Reached skill level 3 in Polearms
    91 | D:1      | Reached XP level 2. HP: 23/24 MP: 2/2
   219 | D:1      | Reached skill level 4 in Polearms
   326 | D:1      | Found Citel's Assorted Antiques.
   368 | D:1      | Found Soplikax's Book Boutique.
   379 | D:1      | Reached XP level 3. HP: 29/29 MP: 3/3
   591 | D:1      | Found Nydghuag's General Store.
   740 | D:1      | Found Uniwnac's General Store.
   915 | D:2      | Reached skill level 5 in Polearms
  1401 | D:2      | Noticed a scorpion
  1410 | D:2      | Killed a scorpion
  1411 | D:2      | Reached skill level 6 in Polearms
  1411 | D:2      | Reached XP level 4. HP: 32/35 MP: 4/4
  1927 | D:2      | Reached XP level 5. HP: 36/41 MP: 5/5
  2061 | D:2      | Reached skill level 7 in Polearms
  2630 | D:3      | Reached skill level 8 in Polearms
  2630 | D:3      | Reached XP level 6. HP: 47/47 MP: 6/6
  3375 | D:4      | Found a one-way gate to the infinite horrors of the Abyss.
  3375 | D:4      | Noticed avis's ghost (amateur DgTm)
  3436 | D:4      | Reached skill level 9 in Polearms
  3576 | D:4      | Reached XP level 7. HP: 52/52 MP: 7/7
  3876 | D:4      | Found a transporter.
  3886 | D:4      | Found a transporter.
  3886 | D:4      | Noticed a small abomination
  4179 | D:4      | Reached skill level 10 in Polearms
  4510 | D:4      | Found a staircase to the Ecumenical Temple.
  4608 | Temple   | Entered the Ecumenical Temple
  4725 | D:5      | Entered Level 5 of the Dungeon
  5055 | D:5      | Reached skill level 11 in Polearms
  5221 | D:5      | Reached XP level 8. HP: 28/58 MP: 8/8
  5516 | D:4      | Reached skill level 12 in Polearms
  5782 | D:5      | Identified the +5 chain mail "Satyonk" {*Corrode Str+3
                  | Int+2}
  6480 | D:5      | Found an ornate altar of the Wu Jian Council.
  6480 | D:5      | Found a snail-covered altar of Cheibriados.
  6486 | D:5      | Found a faded altar of an unknown god.
  6489 | D:5      | Found a faded altar of an unknown god.
  6490 | D:5      | Found an ancient bone altar of Kikubaaqudgha.
  6732 | D:6      | Reached skill level 13 in Polearms
  7771 | D:6      | Found a glowing silver altar of Zin.
  8031 | D:6      | Reached skill level 5 in Fighting
  8339 | D:7      | Noticed Maggie
  8528 | D:7      | Identified the +6 dagger of Gallantry {flame, Fly Str+4
                  | Dex+2}
  8564 | D:7      | Got the Excursus on Phantasmal Dislocation
  8631 | D:7      | Reached XP level 9. HP: 55/70 MP: 9/9
  8720 | D:7      | Noticed Pikel
  9240 | D:7      | Noticed a hornet
  9250 | D:7      | Killed a hornet
  9323 | D:7      | Killed Maggie
  9832 | D:8      | Noticed a cyan ugly thing
 10063 | D:8      | Noticed a hornet
 10073 | D:7      | Paralysed by a hornet for 2 turns
 10077 | D:7      | Killed a hornet
 10238 | D:7      | Killed Pikel
 10239 | D:7      | Reached skill level 10 in Fighting
 11047 | D:8      | Reached XP level 10. HP: 85/86 MP: 10/10
 11091 | D:8      | Noticed a cyclops
 11981 | D:8      | Killed a cyclops
 12354 | D:8      | Noticed a centaur warrior
 12362 | D:8      | Killed a centaur warrior
 12363 | D:8      | Reached skill level 5 in Armour
 12375 | D:8      | Identified the +9 trident of Autumn {drain, MP+9}
 12612 | D:8      | Noticed a centaur warrior
 12622 | D:8      | HP: 2/62 [centaur warrior/arrow (3)]
 13392 | D:8      | Killed a centaur warrior
 13401 | D:8      | Killed a cyan ugly thing
 13988 | D:8      | Noticed a death knight
 15215 | D:8      | Found a runed translucent door.
 16098 | D:8      | Killed a death knight
 16099 | D:8      | Reached XP level 11. HP: 51/92 MP: 11/11
 16420 | D:8      | Noticed 123deadman's ghost (novice HuFi)
 16963 | D:8      | Killed 123deadman's ghost
 17179 | D:9      | Found a runed translucent door.
 17185 | D:9      | Noticed Ghostmaker01's ghost (novice GnWn)
 17209 | D:9      | Found a broken altar of Ashenzari.
 17209 | D:9      | Found a shadowy altar of Dithmenos.
 17214 | D:9      | Found a white marble altar of Elyvilon.
 17215 | D:9      | Found a shimmering blue altar of Sif Muna.
 17216 | D:9      | Found a sacrificial altar of Ru.
 17217 | D:9      | Found a glowing golden altar of the Shining One.
 17217 | D:9      | Found an opulent altar of Gozag.
 17221 | D:9      | Found a stormy altar of Qazlal.
 17223 | D:9      | Found a bloodstained altar of Trog.
 17225 | D:9      | Became a worshipper of the Shining One
 17698 | D:9      | Noticed Amaemon
 17708 | D:9      | Reached skill level 14 in Polearms
 17716 | D:9      | Killed Amaemon
 18634 | D:8      | Reached * piety under the Shining One
 18911 | D:9      | Noticed Erolcha
 18911 | D:9      | Paralysed by Erolcha for 4 turns
 18919 | D:9      | Paralysed by Erolcha for 3 turns
 18925 | D:9      | Killed Erolcha
 18926 | D:9      | Reached skill level 15 in Polearms
 19709 | D:9      | Killed Ghostmaker01's ghost
 19800 | D:10     | Entered Level 10 of the Dungeon
 19827 | D:10     | Reached skill level 16 in Polearms
 19837 | D:10     | Reached skill level 1 in Invocations
 20520 | D:10     | Found a staircase to the Lair.
 20542 | D:10     | Reached XP level 12. HP: 100/100 MP: 13/15
 20876 | D:10     | Reached skill level 5 in Invocations
 20876 | D:10     | Reached ** piety under the Shining One
 21676 | D:1      | Bought a +2 cloak for 165 gold pieces
 21683 | D:1      | Bought a scroll of teleportation for 30 gold pieces
 21683 | D:1      | Bought a scroll of identify for 20 gold pieces
 21683 | D:1      | Bought 3 boomerangs of dispersal for 180 gold pieces
 22043 | D:1      | Bought a glowing dark potion for 21 gold pieces
 22043 | D:1      | Bought a red potion for 21 gold pieces
 22043 | D:1      | Bought a cyan potion for 21 gold pieces
 22043 | D:1      | Bought a scroll of enchant weapon for 180 gold pieces
 22439 | D:11     | Noticed a two-headed ogre
 22460 | D:11     | Killed a two-headed ogre
 22461 | D:11     | Reached skill level 1 in Throwing
 22461 | D:11     | Reached skill level 1 in Evocations
 23661 | D:1      | Bought a scroll of magic mapping for 90 gold pieces
 23854 | Lair:1   | Entered Level 1 of the Lair of Beasts
 24638 | Lair:1   | Reached skill level 5 in Throwing
 24638 | Lair:1   | Reached skill level 5 in Evocations
 26494 | Lair:2   | Noticed a seven-headed hydra
 26497 | Lair:2   | Noticed a seven-headed hydra
 26497 | Lair:2   | Noticed a five-headed hydra
 26586 | Lair:1   | Reached XP level 13. HP: 106/106 MP: 17/17
 28309 | Lair:2   | Reached skill level 1 in Dodging
 28845 | Lair:2   | Reached skill level 5 in Dodging
 28902 | Lair:3   | Reached *** piety under the Shining One
 29316 | Lair:3   | Found a hole to the Spider Nest.
 29867 | Lair:3   | Found a staircase to the Shoals.
 31300 | Lair:4   | Reached XP level 14. HP: 97/114 MP: 20/20
 31836 | Lair:4   | Reached skill level 10 in Invocations
 33415 | Lair:5   | Entered Level 5 of the Lair of Beasts
 33421 | Lair:5   | Reached **** piety under the Shining One
 33793 | Lair:5   | Paralysed by a hornet for 2 turns
 34744 | Lair:4   | Reached skill level 5 in Shields
 37614 | Lair:4   | HP: 5/114 [poisoned by a wolf spider]
 37614 | Lair:4   | Slain by a wolf spider

Illustrated notes

Levels and vault maps discovered:
D:1:      ncdulo_watergridlock, layout_basic, serial_shops, shop,
          nicolae_lakefront_shop, nicolae_shop_stone, shop, supply_closet_lemuel
D:2:      layout_basic
D:3:      minmay_inner_zag, layout_basic, serial_undead, serial_undead_a,
          serial_undead_b, serial_undead_f, serial_undead_d, serial_undead_e,
          serial_undead_f, serial_undead_d, serial_undead_d
D:4:      layout_basic, minmay_temple_entry_enclosed_plants,
          gammafunk_ghost_abyssal_escape, nicolae_half_adder
D:5:      layout_loops_ring, chequers_temple_overflow_minitemple,
          chequers_serial_rivers_large_a, solitary_fountain
D:6:      layout_loops_ring, old_standard_altar, lightli_orcish_oven
D:7:      layout_basic, st_stairs_4, uniq_maggie, uniq_pikel
D:8:      minmay_the_grid_square_5x5_3x3 [minmay_the_grid_square_5x5_v,
          minmay_the_grid_square_5x5_hollow_slash,
          minmay_the_grid_square_5x5_two_walls_a,
          minmay_the_grid_square_5x5_three_small,
          minmay_the_grid_square_5x5_megaprize_open,
          minmay_the_grid_square_5x5_bracketed,
          minmay_the_grid_square_5x5_minivault,
          minmay_the_grid_square_5x5_inner_v,
          minmay_the_grid_square_5x5_almost_minimal], layout_rooms,
          ebering_ghost_reflecting_pool
D:9:      layout_irregular_city, nicolae_overflow_hallway_of_the_gods,
          ebering_ghost_reflecting_pool, minivault_22, uniq_amaemon,
          uniq_erolcha
D:10:     layout_basic, grunt_lair_entry_orc_guard_hut
D:11:     layout_roguey
Temple:   dpeg_three_leaves_temple
Lair:1:   layout_cave_pods, lightli_volcano_entry_magma_tube,
          chequers_serial_rivers_room_a
Lair:2:   layout_concentric_octagons, hangedman_lair_unloving_vines,
          grunt_megastairs_2
Lair:3:   layout_chaotic_city, minmay_shoals_entry_hut,
          spider_nest_entry_funnel_web, minivault_24,
          chequers_serial_rivers_micro_d, grunt_megastairs_3
Lair:4:   nzn_winding_woodlands_stair_trap [nzn_winding_woodlands_5x15_twine,
          nzn_winding_woodlands_5x15_split_checker,
          nzn_winding_woodlands_5x15_lazy_stream,
          nzn_winding_woodlands_15x15_five_gardens,
          nzn_winding_woodlands_5x15_parted,
          nzn_winding_woodlands_5x15_sidewinder,
          nzn_winding_woodlands_5x15_pockets], layout_layer_cave
Lair:5:   hangedman_lair_tendril_chambers, layout_loops_ring, wormcave,
          slime_entry_1, gauntlet_entry_generic

Skill      XL: |  1  2  3  4  5  6  7  8  9 10 11 12 13 14 |
---------------+-------------------------------------------+-----
Polearms       | 3 4 6 8 9 11 13 16 | 16.0
Fighting       | 6 10 11 | 11.9
Armour         | 7 |  7.7
Invocations    | 4 6 8 11 | 11.3
Throwing       | 6 7 |  7.6
Evocations     | 6 7 |  7.7
Dodging        | 9 |  9.0
Shields        | 7 |  7.2

Action                     |  1- 3 |  4- 6 |  7- 9 | 10-12 | 13-15 || total
---------------------------+-------+-------+-------+-------+-------++-------
  Melee: Trident           |    75 |   162 |   190 |   423 |   414 ||  1264
         Spear             |       |    38 |   177 |    88 |    39 ||   342
         Tailslap          |       |       |       |     2 |     8 ||    10
  Throw: Boomerang         |    17 |    14 |       |    47 |    47 ||   125
         Dart              |       |    15 |    59 |    56 |    14 ||   144
         Throwing net      |       |       |       |       |     2 ||     2
 Invoke: Cleansing Flame   |       |       |       |       |     2 ||     2
  Evoke: Wand              |       |       |       |     7 |    14 ||    21
         Tin of tremorston |       |       |       |     2 |     3 ||     5
         Phial of floods   |       |       |       |     1 |     3 ||     4
    Use: Scroll            |     4 |     6 |     9 |    12 |    15 ||    46
         Potion            |     1 |       |     2 |     8 |     1 ||    12
 Armour: Scale mail        |    36 |    55 |       |       |       ||    91
         Plate armour      |       |    44 |   158 |   323 |   353 ||   878
         Skin              |       |       |     1 |    34 |       ||    35
  Dodge: Dodged            |    41 |    76 |    58 |   129 |   251 ||   555
  Block: Buckler           |    17 |    33 |    72 |   104 |   123 ||   349

Table legend: (Time is in decaauts)
 A = Elapsed time spent in this place.
 B = Non-inter-level travel time spent in this place.
 C = Inter-level travel time spent in this place.
 D = Time resting spent in this place.
 E = Time spent auto-exploring this place.
 F = Levels seen in this place.
 G = Mean time per level.
                   A        B        C        D        E       F      G
               +--------+--------+--------+--------+--------+-----+--------+
         Total |  37377 |  34971 |   2406 |  20856 |   9365 |  17 | 2198.6 |
       Dungeon |  24044 |  22034 |   2010 |  12457 |   6512 |  11 | 2185.8 |
        Temple |     80 |     65 |     15 |      0 |     58 |   1 |   80.0 |
          Lair |  13251 |  12872 |    379 |   8399 |   2795 |   5 | 2650.2 |
               +--------+--------+--------+--------+--------+-----+--------+

Top non-repeatable levels by time:
     D:7: 7058 daAuts
  Lair:4: 6386 daAuts
  Lair:1: 3487 daAuts
     D:9: 3063 daAuts
     D:8: 1983 daAuts
     D:5: 1860 daAuts
  Lair:3: 1833 daAuts
     D:6: 1822 daAuts
    D:10: 1675 daAuts
     D:4: 1641 daAuts
     D:2: 1477 daAuts
    D:11: 1216 daAuts
     D:1: 1190 daAuts
  Lair:2: 1171 daAuts
     D:3: 1055 daAuts
